cohdb
Replays
Latest Replays
All Replays
Popular Replays
Top Player Replays
Match Explorer
How It Works
Community
CoH3 Stats
Reddit
Sign in to upload your games and track your stats! →
Sign in with Steam
Match 20111553
Unlisted
Match 20111553
Overview
Messages
Build Orders
End
Pioneer Squad
Construct Infanterie Kompanie
MG 42 Machine Gun Team
Grenadier Squad
Grenadier Squad
Selects Luftwaffe Battlegroup
Selects Stuka Strafing Run
Medical Station
Grenadier Squad
Construct Panzergrenadier Kompanie
Panzergrenadier Squad
Selects Fallschirmjäger Squad Paradrop
MG 42 Machine Gun Team
AI Takeover
HellCeaser
Derox
MonoChrome
Sindbad
0
0
Comments
sign in to comment!
No comments posted yet!